[Event "Esbjerg Efterår 2024 - Esbjergmesterskabet"]
[Site "Esbjerg, Denmark"]
[Date "2024.10.20"]
[Round "6.1"]
[White "Løftgaard, Mikkel Vinh"]
[Black "Jacobsen, Mikkel Manosri"]
[Result "1/2-1/2"]
[TimeControl "1.-3. 20 min + 5 sek, 4.-7. 90 min + 30 sek + 15 min efter 40 træk"]
[WhiteElo "2209"]
[BlackElo "2350"]

1. e4 c5 2. Nf3 Nc6 3. c3 e6 4. d4 d5 5. exd5 exd5 6. Bb5 Bd6 7. O-O Nf6 8. Re1+ Be6 9. Bg5 O-O 10.
Ne5 h6 11. Bh4 Qc7 12. Bxc6 bxc6 13. Bxf6 gxf6 14. Ng4 f5 15. Nxh6+ Kg7 16. Qh5 Bxh2+ 17. Qxh2 Qxh2+ 18. Kxh2 Rh8 19.
dxc5 Rxh6+ 20. Kg3 Rb8 21. b3 Rg6+ 22. Kf3 Rb5 23. b4 d4 24. Na3 Rb8 25. Nc2 dxc3 26. a3 a5 27. Ke3 Rxg2 28.
Rg1 Rg4 29. Kd3 Kf6 30. Rxg4 fxg4 31. Kxc3 Bd5 32. Ne3 axb4+ 33. axb4 Bf3 34. Ra6 Ke6 35. Nc2 Be4 36. Nd4+ Kd7 37.
Ra7+ Ke8 38. b5 cxb5 39. Kb4 Kf8 40. c6 Rd8 41. Kc3 b4+ 42. Kc4 Bxc6 43. Nxc6 Rd2 44. Nxb4 Rxf2 45. Nd3 Rf3 46. Ne5 Rf4+ 47.
Kd3 Kg7 48. Ke3 Rf5 49. Nxg4 Rf1 50. Ne5 Rf5 51. Nd3 Rf1 52. Nf4 Kf6 53. Ra6+ Kg5 54. Ne2 Rf6 55. Ra8 Rb6 56. Nd4 Rf6 57.
Nf3+ Kf5 58. Ra5+ Kg6 59. Ne5+ Kg7 60. Ra1 Rf5 61. Ke4 Rf2 62. Rg1+ Kf8 63. Nd3 Rf6 64. Ke5 Rg6 65. Ra1 Kg7 66.
Nf4 Rg5+ 67. Ke4 Kf8 68. Ra7 Kg8 69. Nd3 Rh5 70. Ne5 Rg5 71. Kf4 Rg1 72. Ng4 Kg7 73. Ne3 Re1 74. Nf5+ Kf6 75.
Nd6 Kg6 76. Kg4 Rg1+ 77. Kf3 Rf1+ 78. Ke2 Rf4 79. Rxf7 Rxf7 80. Nxf7 1/2-1/2

[Event "Esbjerg Efterår 2024 - Esbjergmesterskabet"]
[Site "Esbjerg, Denmark"]
[Date "2024.10.20"]
[Round "6.2"]
[White "Medhus, Vitus Bondo"]
[Black "Hansen, Lars"]
[Result "1-0"]
[TimeControl "1.-3. 20 min + 5 sek, 4.-7. 90 min + 30 sek + 15 min efter 40 træk"]
[WhiteElo "2246"]
[BlackElo "2203"]

1. e4 e6 2. d4 d5 3. e5 c5 4. c3 Qb6 5. Nf3 Nc6 6. a3 Nh6 7. b4 cxd4 8. Bxh6 gxh6 9. cxd4 Bd7 10.
Be2 Rc8 11. O-O Bg7 12. Qd2 O-O 13. Nc3 Nxd4 14. Nxd4 Bxe5 15. Nxd5 exd5 16. Rad1 Ba4 17. Nf5 Rc2 18. Qd3 Re8 19.
Ne3 Rc3 20. Qd2 Bxd1 21. Rxd1 Qd6 22. Nxd5 Rcc8 23. g3 Qg6 24. Bb5 Re6 25. Bd7 Rc2 26. Qe3 Qh5 27. Rf1 Rd6 28. Bf5 Rxd5 29.
Bxc2 Bd4 30. Qe4 Bb6 31. Qxh7+ Kf8 32. Qh8+ Ke7 33. Re1+ Kd6 34. Qb8+ 1-0

[Event "Esbjerg Efterår 2024 - Esbjergmesterskabet"]
[Site "Esbjerg, Denmark"]
[Date "2024.10.20"]
[Round "6.3"]
[White "Jensen, Henrik Tranberg"]
[Black "Perets, Dmytro"]
[Result "0-1"]
[TimeControl "1.-3. 20 min + 5 sek, 4.-7. 90 min + 30 sek + 15 min efter 40 træk"]
[WhiteElo "2014"]
[BlackElo "2152"]

1. d4 g6 2. c4 Bg7 3. Nc3 c5 4. d5 Bxc3+ 5. bxc3 f5 6. h4 Qa5 7. Qc2 Nf6 8. Nh3 d6 9. Rb1 Ne4 10.
Ng5 Qxc3+ 11. Qxc3 Nxc3 12. Bb2 Nxb1 13. Bxh8 b5 14. e3 bxc4 15. Bxc4 Na3 16. Bb3 c4 17. Ba4+ Bd7 18. Bd1 Na6 19.
Nxh7 Nb4 20. h5 gxh5 21. Rxh5 Nxa2 22. Bb2 Nb5 23. Nf6+ exf6 24. Rh8+ Ke7 25. Rxa8 a6 26. Rxa6 Nb4 27.
Bxf6+ Kxf6 28. Ra4 Nd3+ 29. Kd2 Nb2 30. Rb4 c3+ 31. Kc2 Na3+ 32. Kb3 Nxd1 33. Kxa3 Bb5 34. Kb3 Bd3 0-1

[Event "Esbjerg Efterår 2024 - Esbjergmesterskabet"]
[Site "Esbjerg, Denmark"]
[Date "2024.10.20"]
[Round "6.4"]
[White "Hye, Allan"]
[Black "Justesen, Asger"]
[Result "1-0"]
[TimeControl "1.-3. 20 min + 5 sek, 4.-7. 90 min + 30 sek + 15 min efter 40 træk"]
[WhiteElo "1988"]
[BlackElo "2086"]

1. d4 Nf6 2. c4 e6 3. Nc3 Bb4 4. f3 c5 5. d5 d6 6. e4 O-O 7. Bd3 Bxc3+ 8. bxc3 e5 9. Ne2 Nh5 10.
O-O Nd7 11. g4 Nhf6 12. Ng3 Re8 13. g5 Nf8 14. gxf6 Qxf6 15. Kh1 Ng6 16. Be3 Nf4 17. Rg1 Ng6 18. Nf5 Qd8 19. Rb1 b6 20.
Rb2 Kh8 21. Rbg2 Rg8 22. Qe1 Rb8 23. Bg5 f6 24. Bd2 Bxf5 25. exf5 Ne7 26. Qh4 b5 27. Rg3 g5 28. fxg6 Rg7 29.
gxh7 Rf7 30. Rg8+ 1-0

[Event "Esbjerg Efterår 2024 - Esbjergmesterskabet"]
[Site "Esbjerg, Denmark"]
[Date "2024.10.20"]
[Round "6.5"]
[White "Guindy, Esmat Susanne"]
[Black "Saravana, Vedant Kumar"]
[Result "1-0"]
[TimeControl "1.-3. 20 min + 5 sek, 4.-7. 90 min + 30 sek + 15 min efter 40 træk"]
[WhiteElo "2025"]
[BlackElo "2115"]

1. d4 d5 2. c4 c6 3. g3 Nf6 4. Bg2 dxc4 5. Nc3 e6 6. Nf3 Nbd7 7. a4 a5 8. O-O Bb4 9. Qc2 Qe7 10.
e4 e5 11. d5 O-O 12. Rd1 Rd8 13. Be3 Nc5 14. dxc6 Rxd1+ 15. Rxd1 bxc6 16. Na2 Nd3 17. Nxb4 axb4 18. b3 Bg4 19.
Qxc4 Nb2 20. Qxc6 Rc8 21. Qd6 Qxd6 22. Rxd6 Nxe4 23. Rd5 Nc3 24. Rd2 e4 25. h3 exf3 26. hxg4 fxg2 27. Rxb2 Ne4 28.
Kxg2 Kf8 29. Kf3 Nc3 30. Rc2 Ke8 31. Bd4 f6 32. Bxc3 bxc3 33. Ke2 Kd7 34. Kd3 Rc6 35. Rxc3 Rd6+ 36.
Ke2 Re6+ 37. Re3 Rc6 38. Kd2 g6 39. Rc3 Rb6 40. Kc2 h5 41. gxh5 gxh5 42. Rc5 Re6 43. Kd3 Rd6+ 44. Kc4 Ke6 45.
Rxh5 Rd2 46. a5 Rxf2 47. a6 Ra2 48. Kb5 Ra3 49. b4 Rxg3 50. Kb6 f5 51. a7 Ra3 52. Rh8 f4 53. a8=Q Rxa8 54.
Rxa8 f3 55. Kc7 Ke7 56. Ra3 f2 57. Re3 Kf7 58. Rf3 Kg7 59. b5 1-0

[Event "Esbjerg Efterår 2024 - Esbjergmesterskabet"]
[Site "Esbjerg, Denmark"]
[Date "2024.10.20"]
[Round "6.6"]
[White "Rossen, Claus"]
[Black "Bønnelykke, Ole"]
[Result "1-0"]
[TimeControl "1.-3. 20 min + 5 sek, 4.-7. 90 min + 30 sek + 15 min efter 40 træk"]
[WhiteElo "2072"]
[BlackElo "1988"]

1. d4 e6 2. e4 d5 3. Nc3 dxe4 4. Nxe4 Nf6 5. Nxf6+ gxf6 6. Nf3 a6 7. Bd3 c5 8. Be3 Qc7 9.
Qe2 b5 10. dxc5 Bxc5 11. O-O Bb7 12. Rac1 Nd7 13. c4 b4 14. b3 h5 15. Nd2 O-O-O 16. Be4 Ne5 17. Bxb7+ Kxb7 18. Bxc5 Qxc5 19.
Ne4 Qe7 20. c5 Nc6 21. Nd6+ Ka7 22. a3 bxa3 23. Ra1 Rxd6 24. cxd6 Qxd6 25. Rfd1 Nd4 26. Qc4 Rd8 27. b4 Rd7 28.
Qc5+ Qxc5 29. bxc5 Rd5 30. Kf1 e5 31. Rxa3 Rxc5 32. Rda1 Rc6 33. Rh3 Kb6 34. Rxh5 a5 35. Rh8 Nc2 36.
Rb1+ Ka7 37. Rbb8 Ka6 38. h4 Nd4 39. Rhc8 a4 40. Ra8+ Kb5 41. Rcb8+ Kc5 42. Rxa4 Kd5 43. Ra1 f5 44.
g3 Nf3 45. Kg2 e4 46. Re8 Rg6 47. Rd1+ Kc6 48. Kh3 1-0

[Event "Esbjerg Efterår 2024 - Esbjergmesterskabet"]
[Site "Esbjerg, Denmark"]
[Date "2024.10.20"]
[Round "6.7"]
[White "Paludan, Noah"]
[Black "Wyff, Poul"]
[Result "1-0"]
[TimeControl "1.-3. 20 min + 5 sek, 4.-7. 90 min + 30 sek + 15 min efter 40 træk"]
[WhiteElo "1979"]
[BlackElo "1786"]

1. e4 c6 2. Nc3 d5 3. Nf3 dxe4 4. Nxe4 Nf6 5. Qe2 Nxe4 6. Qxe4 Be6 7. c4 Nd7 8. d4 g6 9. Be2 Bg7 10.
O-O O-O 11. Rd1 Nf6 12. Qc2 Qc7 13. h3 Bf5 14. Bd3 Bxd3 15. Rxd3 Rad8 16. Be3 e6 17. Rad1 a6 18. Qb3 Ne4 19.
d5 c5 20. dxe6 fxe6 21. Rxd8 Rxd8 22. Rxd8+ Qxd8 23. Qxb7 Qd1+ 24. Kh2 Qd6+ 25. g3 Nf6 26. Qc8+ Bf8 27. Bf4 Qd1 28. Qxe6+ Kg7 29. Ne5 1-0

[Event "Esbjerg Efterår 2024 - Esbjergmesterskabet"]
[Site "Esbjerg, Denmark"]
[Date "2024.10.20"]
[Round "6.8"]
[White "Vinther, Christoffer"]
[Black "Iversen, Tobias"]
[Result "1/2-1/2"]
[TimeControl "1.-3. 20 min + 5 sek, 4.-7. 90 min + 30 sek + 15 min efter 40 træk"]
[WhiteElo "1800"]
[BlackElo "1936"]

1. f4 d5 2. Nf3 Nd7 3. e3 Ngf6 4. b3 g6 5. Bb2 Bg7 6. Be2 O-O 7. O-O Ne8 8. Bxg7 Nxg7 9. d3 Nf5 10.
Qd2 Nd6 11. Nc3 c6 12. Nd1 e6 13. Nf2 f5 14. g4 Qe7 15. g5 e5 16. Rae1 e4 17. Nh4 Re8 18. d4 Nf7 19. Kh1 Nf8 20.
Rg1 Ne6 21. Rg3 Nxf4 22. Reg1 Nxe2 23. Qxe2 Be6 24. Nh3 Nd8 25. Nf4 Qf7 26. Nh5 Bd7 27. Nf6+ Kg7 28. Nxe8+ Qxe8 29. Ng2 Ne6 30.
Nf4 Nxf4 31. exf4 Qe7 32. Qe3 Rc8 33. Rh3 c5 34. Rh6 Be6 35. Rg3 c4 36. Rgh3 Bg8 37. R3h4 cxb3 38. axb3 Rxc2 39.
Rh3 Qa3 40. Rg3 Qb2 41. Rhh3 b5 42. Rg1 a5 43. Qe1 b4 44. Qa1 Qxa1 45. Rxa1 Rd2 46. Rxa5 Rxd4 47. Rb5 Rd1+ 48. Kg2 d4 49.
Rxb4 e3 50. Kf3 Rf1+ 51. Ke2 Rf2+ 52. Ke1 Rxf4 53. Rxe3 dxe3 54. Rxf4 Bxb3 1/2-1/2